 Dungeon Crawl Stone Soup version 0.25-a0-1133-g93ebf739aa (webtiles) character file.

Game seed: 6058494445562012811, levelgen mode: deterministic

36 zard0z the Firebug (level 3, -3/19 HPs)
             Began as a Deep Elf Fire Elementalist on May 21, 2020.
             Killed from afar by Robin (11 damage)
             ... with a puff of flame
             ... on level 1 of the Dungeon.
             The game lasted 00:05:32 (1364 turns).

zard0z the Firebug (Deep Elf Fire Elementalist)     Turns: 1364, Time: 00:05:33

Health: -3/19      AC:  2    Str:  5    XL:     3   Next: 19%
Magic:  9/9        EV: 13    Int: 20    God:
Gold:   110        SH:  0    Dex: 15    Spells: 7/8 levels left

rFire    . . .     SeeInvis .   e - +0 short sword
rCold    . . .     Gourm    .   (no shield)
rNeg     . . .     Faith    .   a - +0 robe
rPois    .         Spirit   .   (no helmet)
rElec    .         Reflect  .   (no cloak)
rCorr    .         Harm     .   (no gloves)
MR       .....                  (no boots)
Stlth    ++........             (no amulet)
HPRegen  0.06/turn              (no ring)
MPRegen  0.11/turn              (no ring)

@: no status effects
A: no striking features
a: no special abilities


You were on level 1 of the Dungeon.
You were not hungry.

You visited 1 branch of the dungeon, and saw 2 of its levels.

You collected 110 gold pieces.

Inventory:

Hand Weapons
 e - a +0 short sword (weapon)
Missiles
 b - 44 stones (quivered)
Armour
 a - a +0 robe (worn)
Jewellery
 d - an uncursed ring of protection from fire {unknown}
Scrolls
 f - a scroll of remove curse {unknown}
 g - a scroll of noise {unknown}
 i - a scroll of identify {unknown}
Comestibles
 c - 3 rations
 h - 3 chunks of flesh


   Skills:
 - Level 2.4 Dodging
 - Level 2.4 Stealth
 + Level 3.4 Spellcasting
 * Level 2.3 Conjurations
 * Level 4.0 Fire Magic


You had 7 spell levels left.
You knew the following spells:

 Your Spells              Type           Power        Failure   Level  Hunger
a - Foxfire               Conj/Fire      ###.         3%          1    None

Your spell library contained the following spells:

 Spells                   Type           Power        Failure   Level  Hunger
 Conjure Flame            Conj/Fire      ###.....     11%         3    ###....
 Inner Flame              Hex/Fire       ##......     19%         3    ###....
 Sticky Flame             Conj/Fire      ###.....     36%         4    ####...
 Fireball                 Conj/Fire      ###.......   71%         5    ######.


Dungeon Overview and Level Annotations

Branches:
Dungeon (2/15)

Altars:

Annotations:
D:1 Robin


Message History

The foxfire hits the hobgoblin.
You kill the hobgoblin!
Your Fire Magic skill increases to level 4!
You start resting.
HP restored.
You start resting.
Magic restored.
There is a stone staircase leading down here.
You climb downwards.
Level annotation: Robin A hobgoblin comes into view.
It is wielding a +0 club.
Robin zaps a wand.
The puff of flame hits you!
Ouch! That really hurt!
There is a stone staircase leading up here.
Robin throws the goblin at you! The goblin barely misses you.
You climb upwards.
There is a stone staircase leading down here.
Robin zaps a wand.
The puff of flame hits you!
Ouch! That really hurt!
You die...

########## #.>......# #........#
####..#####.######
#.>............... ########
#.##..###.#.###### v§.....#
#g##..##....# #.. ###.##.#
#.##........# #.# # #.##.#
#@##........# #.# # #.##.#
#.#######.### #.# # #.##.#
###.### #.# #.# ###.##.# #.....#
#.# #.# .......# ##.#.#.# ##'##
#.# ###.#### #..).#v# ##...## #..
###.##### #..###.###.....## ###
........# #......##.......## #
..#.###.#####...####.........####


You could see Robin.

Vanquished Creatures
  An adder (D:2)
  2 dart slugs (D:1)
  A leopard gecko (D:1)
  4 goblins
  2 hobgoblins
  A kobold (D:1)
  8 bats
  3 rats (D:1)
22 creatures vanquished.

Vanquished Creatures (others)
  38 foxfires
38 creatures vanquished.

Grand Total: 60 creatures vanquished

Notes
Turn   | Place    | Note
-------+----------+-------------------------------------------
     0 | D:1      | zard0z the Deep Elf Fire Elementalist began the quest for
                  | the Orb.
     0 | D:1      | Reached XP level 1. HP: 10/10 MP: 6/6
   372 | D:1      | Reached XP level 2. HP: 15/15 MP: 5/8
  1166 | D:2      | Reached XP level 3. HP: 19/19 MP: 5/9
  1245 | D:2      | Noticed Robin
  1276 | D:1      | Reached skill level 4 in Fire Magic
  1364 | D:1      | Killed from afar by Robin

Illustrated notes

Levels and vault maps discovered:
D:1:      erik_arrival_orb_chamber, layout_loops_corners
D:2:      layout_loops_ring, first_ration, chequers_serial_rivers_micro_e,
          uniq_robin

Skill      XL: |  1  2  3 |
---------------+----------+-----
Conjurations   | 2 |  2.3
Fire Magic     | 4 |  4.0
Dodging        | |  2.4
Stealth        | |  2.4
Spellcasting   | |  3.4

Action                   || total
-------------------------++-------
Melee: Short sword       ||     1
 Cast: Foxfire           ||    45
  Eat: Chunk             ||     1
Armor: Robe              ||     7
Dodge: Dodged            ||    19

Table legend:
 A = Non-vault XP
 B = Vault XP
 C = Vault XP percentage of total XP
 D = Non-vault monster count
 E = Vault monster count
 F = Vault count percentage of total count
                 A         B        C        D         E       F
            +---------+---------+-------+---------+---------+-------
      Total |      46 |       6 |  11.5 |      19 |       3 |  13.6
            +---------+---------+-------+---------+---------+-------
        D:1 |      30 |       2 |   6.2 |      16 |       1 |   5.9
        D:2 |      16 |       4 |  20.0 |       3 |       2 |  40.0
            +---------+---------+-------+---------+---------+-------
